 Dungeon Crawl Stone Soup version 0.31-a0-431-g88bdf31460 (webtiles) character file.

Game seed: 4152099276493170519

1450 sampeng1 the Trooper (level 8, 0/73 HPs)
             Began as a Minotaur Berserker on Aug 1, 2023.
             Was a Priest of Trog.
             Constricted to death by Maggie (1 damage)
             ... on level 6 of the Dungeon.
             The game lasted 00:09:52 (4260 turns).

sampeng1 the Trooper (Minotaur Berserker)           Turns: 4260, Time: 00:09:53

Health: 0/73       AC: 11    Str: 25    XL:     8   Next: 47%
Magic:  7/7        EV:  8    Int:  4    God:    Trog [***...]
Gold:   436        SH:  0    Dex: 15    Spells: 7/7 levels left

rFire   . . .        j - +0 war axe
rCold   + . .        (no shield)
rNeg    . . .        i - +0 chain mail
rPois   .            (helmet restricted)
rElec   .            (no cloak)
rCorr   .            (no gloves)
SInv    .            h - +0 pair of boots
Will    .....        (no amulet) Stlth
                     k - +6 ring of dexterity
HPRegen 0.32/turn    o - ring of protection from cold
MPRegen 0.10/turn

%: no passive effects
@: grasped by roots, on berserk cooldown, mesmerised, slowed, constricted, very
slow
A: horns 2, retaliatory headbutt
a: Renounce Religion, Berserk, Trog's Hand


You were on level 6 of the Dungeon.
You worshipped Trog.
Trog was most pleased with you.
You visited 1 branch of the dungeon, and saw 6 of its levels.

You collected 436 gold pieces.

Inventory:

Hand Weapons
 a - a +1 hand axe
 j - a +0 war axe (weapon)
Missiles
 l - 5 poisoned darts (quivered)
Armour
 h - a +0 pair of boots (worn)
 i - a +0 chain mail (worn)
Jewellery
 k - a +6 ring of dexterity (left hand)
 o - a ring of protection from cold (right hand)
Wands
 b - a wand of flame (40)
Scrolls
 f - 2 scrolls of teleportation
 p - a scroll of butterflies {unknown}
 r - a scroll of amnesia {unknown}
Potions
 c - 2 potions of attraction
 d - a potion of magic {unknown}
 e - 3 potions of lignification
 g - 2 potions of curing
 m - a potion of haste
 n - a potion of ambrosia
 q - a potion of berserk rage {unknown}


   Skills:
 + Level 7.3 Fighting
 + Level 7.3 Axes
 + Level 6.7 Armour
 + Level 6.1 Dodging


You had 7 spell levels left.
You didn't know any spells.
Your spell library was empty.

Dungeon Overview and Level Annotations

Branches:
Dungeon (6/15)
 Temple: D:4-7

Altars:
Ashenzari
Nemelex Xobeh
Ru
Vehumet
Xom

Annotations:
D:6 Maggie


Innate Abilities, Weirdness & Mutations

You have a pair of horns on your head.
You reflexively headbutt those who attack you in melee.


Message History

You feel the power of Trog in you as your rage grows.
You destroy the bullfrog skeleton!
Trog accepts your kill.
Maggie the Vainglorious comes into view.
She is wielding a +2 morningstar of flaming and carrying a wand of roots.
The bullfrog zombie hits you but does no damage.
Maggie shouts!
You slice the bullfrog zombie!!
You destroy the bullfrog zombie!
Trog accepts your kill.
Maggie casts a spell.
Things that are here:
a +0 hand axe; an orc corpse You feel a strong urge to attack something.
You are no longer berserk.
You are exhausted.
You feel yourself slow down.
Maggie zaps a wand.
The roots erupt in riotous growth!
The grasping roots grab you!
Maggie is unaffected.
The grasping roots constrict you.
You hear a shout!
You hit Maggie but do no damage. Your headbutt misses Maggie.
A bullfrog zombie comes into view.
Maggie gestures wildly while chanting.
Maggie attempts to bespell you!
You are mesmerised by Maggie!
The grasping roots constrict you.
Maggie hits you with a +2 morningstar of flaming.
Maggie burns you. The grasping roots constrict you!
You closely miss Maggie. You headbutt Maggie.
Maggie is lightly wounded.
Maggie hits you with a +2 morningstar of flaming!
* * * LOW HITPOINT WARNING * * *
Maggie burns you.
* * * LOW HITPOINT WARNING * * *
The grasping roots constrict you!
* * * LOW HITPOINT WARNING * * *
Maggie gestures wildly while chanting.
Maggie draws you further into her thrall.
The grasping roots constrict you.
You die...

#.... #....
#.... ##.... Z
#..... .###.
##.##..####....
.....#.@..^.####
.......@.......
......[......##
.............#
......)Z.)...#
......)..)...#
......)....:.#
............##
.....#......#
####.?..##.##


You could see Maggie (mesmerising) and a bullfrog zombie.

Vanquished Creatures
  Pikel (D:6)
  2 black bears (D:5)
  An ice beast (D:5)
  An ogre (D:4)
  A lemure (D:6)
  A scorpion (D:5)
  A water moccasin skeleton (D:6)
  The ghost of drugrobin the Sneak, a weakling DgDe (D:3)
  A howler monkey (D:5)
  A bullfrog zombie (D:6)
  A jelly (D:5)
  A gnoll bouda (D:4)
  A bullfrog skeleton (D:6)
  A sleepcap (D:4)
  2 iguanas
  2 orc wizards
  A killer bee zombie (D:6)
  3 gnolls (D:4)
  5 adders
  A worm (D:3)
  18 orcs
  2 bats
  11 endoplasms
  6 giant cockroaches
  5 goblins
  7 hobgoblins
  4 quokkas
  9 ball pythons
  2 frilled lizards
  5 kobolds
  4 rats
102 creatures vanquished.

Notes
Turn   | Place    | Note
-------+----------+-------------------------------------------
     0 | D:1      | sampeng1 the Minotaur Berserker began the quest for the
                  | Orb.
     0 | D:1      | Reached XP level 1. HP: 19/19 MP: 0/0
   111 | D:1      | Reached XP level 2. HP: 14/27 MP: 1/1
   393 | D:1      | You fall into a shaft and drop 1 floor!
   443 | D:2      | Found a shimmering altar of Xom.
   850 | D:2      | Found a faded altar of an unknown god.
   923 | D:2      | Reached XP level 3. HP: 33/33 MP: 2/2
  1565 | D:3      | Reached ** piety under Trog
  1585 | D:3      | Noticed drugrobin's ghost (weakling DgDe)
  1602 | D:3      | Found a runed translucent door.
  1615 | D:3      | Killed drugrobin's ghost
  1616 | D:3      | Reached XP level 4. HP: 14/41 MP: 3/3
  2660 | D:4      | Reached XP level 5. HP: 47/47 MP: 4/4
  2671 | D:4      | Noticed an ogre
  2678 | D:4      | Killed an ogre
  2679 | D:4      | Reached skill level 5 in Fighting
  2679 | D:4      | Reached skill level 5 in Axes
  2680 | D:4      | Reached XP level 6. HP: 56/56 MP: 5/5
  3411 | D:5      | Entered Level 5 of the Dungeon
  3421 | D:5      | Found a sacrificial altar of Ru.
  3436 | D:5      | Found a sparkling altar of Nemelex Xobeh.
  3439 | D:5      | Noticed an ice beast
  3441 | D:5      | Found a broken altar of Ashenzari.
  3447 | D:5      | Killed an ice beast
  3587 | D:5      | Reached *** piety under Trog
  3588 | D:5      | Reached skill level 5 in Armour
  3588 | D:5      | Reached XP level 7. HP: 59/62 MP: 6/6
  3719 | D:5      | Found a radiant altar of Vehumet.
  3787 | D:5      | Reached skill level 5 in Dodging
  4238 | D:6      | Noticed Pikel
  4250 | D:6      | Killed Pikel
  4251 | D:6      | Reached XP level 8. HP: 73/73 MP: 7/7
  4253 | D:6      | Noticed Maggie
  4260 | D:6      | HP: 1/73 [constriction (9)]
  4260 | D:6      | Constricted to death by Maggie

Illustrated notes

Levels and vault maps discovered:
D:1:      minmay_arrival_four_circles, layout_basic
D:2:      layout_loops_ring, shapermc_ecumenical_altar_venn, basic_altar
D:3:      minmay_inner_zag, layout_loops_corners, hellmonk_ghost_happy_afterlife
D:4:      layout_basic, dreamdust_wishing_well, dreamdust_mushroom_princess,
          minmay_misc_feat_rugged
D:5:      layout_cave_pools, mainiacjoe_overflow_alcove_4,
          mainiacjoe_overflow_catwalk,
          chequers_temple_overflow_statue_of_worship
D:6:      layout_rooms, minmay_temple_entry_antechambers, serial_undead,
          serial_undead_b, serial_undead_e, serial_undead_e, serial_undead_f,
          serial_undead_a, uniq_maggie, uniq_duvessa, uniq_eustachio, uniq_pikel

Skill      XL: |  1  2  3  4  5  6  7  8 |
---------------+-------------------------+-----
Axes           | 4 5 7 |  7.3
Fighting       | 4 5 7 |  7.3
Armour         | 3 4 5 6 |  6.7
Dodging        | 3 4 5 6 |  6.1

Action                     |  1- 3 |  4- 6 |  7- 9 || total
---------------------------+-------+-------+-------++-------
  Melee: Hand axe          |    67 |    23 |       ||    90
         Headbutt          |    10 |    11 |     8 ||    29
         War axe           |       |    75 |    37 ||   112
         Punch             |       |     2 |       ||     2
 Invoke: Berserk           |     1 |     1 |     1 ||     3
    Use: Scroll            |     4 |     6 |       ||    10
         Potion            |     2 |       |       ||     2
 Armour: Animal skin       |     9 |       |       ||     9
         Chain mail        |     9 |    52 |    34 ||    95
  Dodge: Dodged            |    35 |    55 |    26 ||   116

Table legend: (Time is in decaauts)
 A = Elapsed time spent in this place.
 B = Non-inter-level travel time spent in this place.
 C = Inter-level travel time spent in this place.
 D = Time resting spent in this place.
 E = Time spent auto-exploring this place.
 F = Levels seen in this place.
 G = Mean time per level.
                   A        B        C        D        E       F      G
               +--------+--------+--------+--------+--------+-----+--------+
         Total |   4301 |   4044 |    257 |      9 |   3099 |   6 |  716.8 |
       Dungeon |   4301 |   4044 |    257 |      9 |   3099 |   6 |  716.8 |
               +--------+--------+--------+--------+--------+-----+--------+

Top non-repeatable levels by time:
     D:3: 1104 daAuts
     D:2: 837 daAuts
     D:5: 833 daAuts
     D:4: 785 daAuts
     D:1: 722 daAuts
     D:6: 18 daAuts
